 Dungeon Crawl Stone Soup version 0.29.1-15-g9cfb28693d (webtiles) character file.

Game seed: 10962231497202838571

146470 Peloso the Severer (level 16, -15/155 HPs)
             Began as a Minotaur Fighter on Apr 23, 2023.
             Was the Champion of Okawaru.
             Killed from afar by a merfolk aquamancer (26 damage)
             ... with a shard of ice
             ... on level 1 of the Shoals.
             The game lasted 01:02:48 (22345 turns).

Peloso the Severer (Minotaur Fighter)              Turns: 22345, Time: 01:02:50

Health: -15/155    AC: 26    Str: 28    XL:     16   Next: 89%
Magic:  17/17      EV: 15    Int:  5    God:    Okawaru [******]
Gold:   1674       SH: 23    Dex: 20    Spells: 15/15 levels left

rFire   . . .      SeeInvis .   b - +6 hand axe "Essucvov" {drain, rPois rN++}
rCold   + . .      Faith    .   e - +2 tower shield "Epaoqogg" {rPois Dex+6}
rNeg    + + .      Spirit   .   E - +6 chain mail of Trumpets {rElec rC+}
rPois   +          Reflect  .   (helmet restricted)
rElec   +          Harm     .   O - +0 cloak
rCorr   .          Rampage  .   W - +1 pair of gloves
Will    +++..                   S - +2 pair of boots of Oleop {Will+ Slay+2}
Stlth   ..........              s - amulet of regeneration
HPRegen 1.15/turn               p - ring of the Cockatrice {Will+ Str+3}
MPRegen 0.15/turn               q - ring of flight

@: marked, flying, mesmerised
A: horns 2, retaliatory headbutt
a: Renounce Religion, Heroism, Finesse, Duel


You were on level 1 of the Shoals.
You worshipped Okawaru.
Okawaru was exalted by your worship.
You visited 6 branches of the dungeon, and saw 26 of its levels.
You also visited: Bailey.

You collected 2522 gold pieces.
You spent 848 gold pieces at shops.

Inventory:

Hand Weapons
 a - the +3 falchion of Valuable Assets {vorpal, rN+ Str+2}
   (You found it on level 5 of the Lair of Beasts)

   It inflicts extra damage upon your enemies.
   Str:       It affects your strength (+2).
   rN:        It protects you from negative energy.
 b - the +6 hand axe "Essucvov" (weapon) {drain, rPois rN++}
   (You found it on level 3 of the Dungeon)

   A truly terrible weapon, it drains the life of any living foe it strikes.
   rPois:     It protects you from poison.
   rN:        It greatly protects you from negative energy.
 c - a +4 scimitar of flaming
Armour
 d - the +1 buckler "Duudok" {Regen+}
   (Okawaru gifted it to you on level 2 of the Orcish Mines)

   Regen:     It increases your rate of health regeneration.
 e - the +2 tower shield "Epaoqogg" (worn) {rPois Dex+6}
   (You bought it in a shop on level 2 of the Dungeon)

   Dex:       It affects your dexterity (+6).
   rPois:     It protects you from poison.
 A - the +5 ring mail "Sotz" {Will+ Regen+ SInv}
   (You found it on level 4 of the Dungeon)

   SInv:      It lets you see invisible.
   Regen:     It increases your rate of health regeneration.
   Will:      It increases your willpower.
 E - the +6 chain mail of Trumpets (worn) {rElec rC+}
   (Okawaru gifted it to you on level 14 of the Dungeon)

   rC:        It protects you from cold.
   rElec:     It insulates you from electricity.
 O - a +0 cloak (worn)
 S - the +2 pair of boots of Oleop (worn) {Will+ Slay+2}
   (You bought it in a shop on level 5 of the Dungeon)

   Slay:      It affects your accuracy & damage with ranged weapons and melee
   (+2).
   Will:      It increases your willpower.
 W - a +1 pair of gloves (worn)
Jewellery
 p - the ring of the Cockatrice (left hand) {Will+ Str+3}
   (You found it on level 2 of the Dungeon)

   [ring of willpower]

   Str:       It affects your strength (+3).
   Will:      It increases your willpower.
 q - a ring of flight (right hand)
 r - a ring of positive energy
 s - an amulet of regeneration (around neck)
 Z - a +4 ring of slaying
Wands
 g - a wand of roots (12)
 k - a wand of digging (2)
Scrolls
 h - 13 scrolls of teleportation
 i - 4 scrolls of fear
 n - a scroll of enchant armour
 o - 4 scrolls of blinking
 w - a scroll of acquirement
 x - 5 scrolls of enchant weapon {unknown}
 y - a scroll of immolation
 B - 3 scrolls of brand weapon {unknown}
 H - 2 scrolls of silence {unknown}
 J - 8 scrolls of magic mapping
 M - 4 scrolls of amnesia {unknown}
 P - 6 scrolls of poison {unknown}
Potions
 f - 9 potions of flight
 j - a potion of resistance
 m - 11 potions of haste
 u - 2 potions of invisibility
 v - 5 potions of might
 C - 8 potions of curing
 Q - 3 potions of berserk rage
 R - 3 potions of heal wounds
 V - 2 potions of ambrosia
Miscellaneous
 l - a tin of tremorstones (2/2)
 t - a box of beasts


   Skills:
 + Level 17.2 Fighting
 + Level 12.5 Long Blades
 + Level 18.0 Axes
 + Level 12.2 Armour
 + Level 12.5 Dodging
 + Level 4.3 Stealth
 + Level 16.7 Shields
 + Level 3.1 Invocations
 + Level 0.7 Evocations


You had 15 spell levels left.
You didn't know any spells.
Your spell library contained the following spells:

 Spells                   Type           Power      Damage    Failure   Level
 Magic Dart               Conj           0%         1d3       99%         1
 Shock                    Conj/Air       0%         1d3       99%         1
 Blink                    Tloc           0%         N/A       100%        2
 Ensorcelled Hibernation  Hex/Ice        0%         N/A       100%        2
 Passwall                 Tmut/Erth      0%         N/A       100%        2
 Searing Ray              Conj           0%         2d4       100%        2
 Gell's Gravitas          Tloc           0%         N/A       100%        3
 Ignite Poison            Fire/Tmut/Pois 0%         N/A       100%        3
 Lesser Beckoning         Tloc           0%         N/A       100%        3
 Mephitic Cloud           Conj/Pois/Air  0%         N/A       100%        3
 Ozocubu's Armour         Ice            0%         N/A       100%        3
 Portal Projectile        Hex/Tloc       0%         N/A       100%        3
 Swiftness                Air            0%         N/A       100%        3
 Teleport Other           Tloc           0%         N/A       100%        3
 Airstrike                Air            0%         2d(0-16)  100%        4
 Fulminant Prism          Conj/Hex       0%         3d6       100%        4
 Passage of Golubria      Tloc           0%         N/A       100%        4
 Blade Hands              Tmut           0%         N/A       100%        5
 Freezing Cloud           Conj/Ice/Air   0%         6-21      100%        5
 Irradiate                Conj/Tmut      0%         3d11      100%        5
 Manifold Assault         Tloc           0%         N/A       100%        5
 Metabolic Englaciation   Hex/Ice        0%         N/A       100%        5
 Dispersal                Tloc           0%         N/A       100%        6
 Dragon Form              Tmut           0%         N/A       100%        7
 Tukima's Dance           Hex            Unusable   N/A       N/A         3
 Simulacrum               Ice/Necr       Unusable   N/A       N/A         6

Dungeon Overview and Level Annotations

Branches:
Dungeon (15/15)            Temple (1/1) D:6            Lair (5/5) D:9
 Shoals (1/4) Lair:2       Spider (2/4) Lair:3        Slime (0/5) Lair:4
    Orc (2/2) D:10            Elf (0/3) Orc:2        Vaults (0/5) D:14
 Depths (0/4) D:15         Bailey (visited)

Altars:
Dithmenos
Elyvilon
Gozag
Hepliaklqana
Kikubaaqudgha
Okawaru
Qazlal
Sif Muna
Uskayaw
Vehumet
Wu Jian
Xom
Yredelemnul
Zin
The Shining One
Lugonu

Shops:
D:2 *   D:5 [   D:7 *   D:14 *   Orc:2 =*(

Portals:
Abyss: Lair:5

Annotations:
D:10 2 transporters - Casa, denis1488's ghost, journeyman MiFi


Innate Abilities, Weirdness & Mutations

You have a pair of horns on your head.
You reflexively headbutt those who attack you in melee.


Message History

The wind drake is lightly wounded.
You slash the merfolk aquamancer! You hit the sea snake.
You drain the sea snake.
You kill the sea snake!
Okawaru accepts your kill. You block the merfolk's attack.
The wind drake misses you.
The snapping turtle bites you but does no damage.
The merfolk barely misses you.
You block the merfolk aquamancer's attack.
The merfolk impaler hits you but does no damage.
The merfolk siren chants a haunting song.
You resist with almost no effort.
You miss the wind drake.
The wind drake is lightly wounded.
You slash the merfolk aquamancer! You block the merfolk's attack. x2
The merfolk siren chants its luring song.
The merfolk impaler hits you from afar with a +3 trident of protection!
* * * LOW HITPOINT WARNING * * *
You block the merfolk's attack.
The snapping turtle bites you from afar!
* * * LOW HITPOINT WARNING * * *
The wind drake flaps its wings at you. The air twists around and strikes you.
The merfolk siren chants a haunting song.
You resist with almost no effort. The merfolk barely misses you.
The merfolk aquamancer hits you but does no damage.
You feel much better. You block the merfolk impaler's attack.
The merfolk misses you. You block the merfolk's attack.
The merfolk siren chants its luring song.
The wind drake barely misses you.
The merfolk impaler hits you from afar with a +3 trident of protection!
* * * LOW HITPOINT WARNING * * *
The merfolk hits you but does no damage.
The snapping turtle bites you from afar!
* * * LOW HITPOINT WARNING * * *
The merfolk siren chants a haunting song.
You resist with almost no effort.
The merfolk aquamancer points at you and mumbles some strange words.
The shard of ice hits you!! You partially resist.
You die...

...#.... .~~..
......##.~...
...~~.#..~.. ..~≈~...~~~
#..~~~≈≈~.. ##.....~≈≈~.
#..~)~...... ~~
#mtm@....... ~~~.
##.m††k~...^. ~≈≈~~.#
##..mmmmm~....
~≈≈~~~.####))tm.~~~≈≈~..
≈≈~~~~...#~~m....~~~≈~.#
≈≈~~~.....~~~###.~~~~~.#
~≈~~~~~~....## #..~~~~~!
~~~~~~~.....# #....~~~.
~~~~~~~m....#....~..~~~~


You could see a merfolk impaler, a merfolk aquamancer, 2 snapping turtles, a
wind drake (repels missiles, drained), 5 merfolk and 3 merfolk sirens.

Vanquished Creatures
  Rupert (Lair:3)
  An acid blob (Lair:4)
  Agnes (D:15)
  2 ghost moths
  An orc warlord (Orc:2)
  Louise (D:14)
  An emperor scorpion (Spider:1)
  A broodmother (Spider:2)
  The ghost of Nyzic the Grappler, a journeyman TrMo (Lair:4)
  A spark wasp (Spider:2)
  Josephine (Orc:2)
  Erolcha (D:10)
  9 hydras
  3 boulder beetles
  3 catoblepae
  7 vault guards
  Harold (D:10)
  A rakshasa (D:14)
  Erica (D:10)
  10 centaur warriors
  A radroach (Spider:1)
  6 ogre magi
  8 two-headed ogres
  3 jorogumos
  A merfolk aquamancer (Shoals:1)
  A death knight (D:14)
  5 death yaks (Lair:5)
  A titan zombie (D:15)
  A vampire mage (D:15)
  2 thrashing horrors (Lair:5)
  3 orc high priests (Orc:2)
  Urug (Orc:2)
  Nergalle (Lair:3)
  A titan skeleton (D:15)
  A sun moth (Spider:2)
  2 sea snakes (Shoals:1)
  3 skeletal warriors
  2 pharaoh ants
  8 orb spiders
  A deep elf archer (D:14)
  3 deep elf pyromancers (D:14)
  A steelbarb worm (Spider:1)
  A sphinx zombie (D:15)
  A necromancer (D:15)
  4 orc knights
  7 orc sorcerers
  A manticore (D:14)
  21 ugly things
  8 wolf spiders
  5 cyclopes
  Maurice (D:8)
  A moth of wrath (Spider:1)
  A merfolk siren (Shoals:1)
  2 black mambas (Lair:5)
  2 torpor snails (Lair:5)
  2 gargoyles
  2 smoke demons (Lair:5)
  10 cane toads
  6 demonic crawlers
  3 unseen horrors
  Psyche (D:8)
  A komodo dragon (shapeshifter) (D:14)
  A yaktaur (D:14)
  3 rime drakes
  11 komodo dragons
  2 kobold demonologists (D:12)
  An efreet (D:15)
  A freezing wraith (D:14)
  4 trolls
  A queen bee (shapeshifter) (D:15)
  An ancient zyme (Lair:5)
  A wind drake (Shoals:1)
  A meliai (Spider:2)
  A polar bear (Lair:2)
  A meliai (shapeshifter) (D:15)
  A troll (shapeshifter) (Lair:5)
  A merfolk (Shoals:1)
  13 slime creatures
  21 tarantellas
  Prince Ribbit (D:6)
  2 hornets (Orc:1)
  8 blink frogs
  15 dream sheep (Lair:5)
  A vampire (D:12)
  22 jumping spiders
  11 culicivoras
  2 large abominations (Lair:5)
  4 water elementals (Shoals:1)
  2 spriggans (Lair:5)
  2 shadows (D:11)
  4 ynoxinuls (Lair:5)
  34 yaks
  6 wyverns
  6 humans (Bailey)
  10 basilisks
  Eustachio (D:5)
  6 wraiths
  30 redbacks
  A steam dragon (D:9)
  6 vampire mosquitoes
  Menkaure (D:5)
  19 water moccasins
  A floating eye (Orc:1)
  2 acid dragons
  An ice beast (D:8)
  A glowing shapeshifter skeleton (D:15)
  5 black bears
  31 orc warriors
  21 wolves
  12 ogres
  15 centaurs
  A phantom (D:6)
  5 kobold brigands
  14 bullfrogs
  4 necrophages
  7 earth elementals (D:15)
  3 gnoll sergeants (D:9)
  14 small abominations (Lair:5)
  3 scorpions
  5 wights (D:10)
  A hornet simulacrum (D:13)
  5 killer bees (D:10)
  3 hounds
  17 orc priests
  4 gnoll boudas
  4 iguanas
  21 orc wizards
  34 gnolls
  4 adders
  A shadow imp (D:7)
  A white imp (D:5)
  2 worms
  4 dart slugs
  72 orcs
  4 bats
  5 endoplasms
  2 giant cockroaches (D:1)
  5 goblins
  4 hobgoblins
  3 jackals
  16 kobolds
  4 quokkas
  3 ball pythons
  4 frilled lizards
  4 rats
815 creatures vanquished.

Vanquished Creatures (others)
  A steelbarb worm (Spider:1)
  A cyclops (D:15)
  18 fungi
  27 plants
  5 withered plants (D:15)
52 creatures vanquished.

Grand Total: 867 creatures vanquished

Notes
Turn   | Place    | Note
-------+----------+-------------------------------------------
     0 | D:1      | Peloso the Minotaur Fighter began the quest for the Orb.
     0 | D:1      | Reached XP level 1. HP: 19/19 MP: 0/0
   378 | D:1      | Reached XP level 2. HP: 27/27 MP: 1/1
   994 | D:2      | Reached XP level 3. HP: 28/33 MP: 2/2
  1173 | D:2      | Identified the ring of the Cockatrice {Will+ Str+3}
  1191 | D:2      | Found Yxirch Dasat's General Store.
  1346 | D:3      | Identified the +6 hand axe "Essucvov" {drain, rPois rN++}
  1371 | D:3      | Reached XP level 4. HP: 41/41 MP: 3/3
  1513 | D:3      | Reached skill level 1 in Dodging
  1658 | D:3      | Found a stormy altar of Qazlal.
  1877 | D:3      | Found a shadowy altar of Dithmenos.
  2008 | D:3      | Found an ancient bone altar of Kikubaaqudgha.
  2118 | D:4      | Reached XP level 5. HP: 47/47 MP: 4/4
  2124 | D:4      | Reached skill level 5 in Armour
  2137 | D:4      | Reached skill level 5 in Fighting
  2218 | D:4      | Identified the +5 ring mail "Sotz" {Will+ Regen+ SInv}
  2775 | D:5      | Entered Level 5 of the Dungeon
  2818 | D:5      | Reached skill level 1 in Axes
  2818 | D:5      | Reached XP level 6. HP: 56/56 MP: 5/5
  2927 | D:5      | Reached skill level 2 in Axes
  3095 | D:5      | Noticed an orc warrior
  3106 | D:5      | Killed an orc warrior
  3109 | D:5      | Reached skill level 3 in Axes
  3109 | D:5      | Reached skill level 5 in Shields
  3109 | D:5      | Reached XP level 7. HP: 55/61 MP: 6/6
  3114 | D:5      | Reached skill level 4 in Axes
  3302 | D:5      | Noticed Eustachio
  3340 | D:5      | Killed Eustachio
  3341 | D:5      | Reached skill level 5 in Axes
  3390 | D:5      | Found a shimmering blue altar of Sif Muna.
  3400 | D:5      | Reached XP level 8. HP: 70/70 MP: 7/7
  3449 | D:5      | Found Veve's Armour Shoppe.
  3478 | D:5      | Noticed Menkaure
  3482 | D:5      | Killed Menkaure
  3716 | D:6      | Reached skill level 6 in Axes
  3722 | D:6      | Reached skill level 1 in Stealth
  4016 | D:6      | Noticed Prince Ribbit
  4024 | D:6      | Killed Prince Ribbit
  4025 | D:6      | Reached skill level 7 in Axes
  4086 | D:6      | Found a radiant altar of Vehumet.
  4217 | D:6      | Found a staircase to the Ecumenical Temple.
  4256 | Temple   | Entered the Ecumenical Temple
  4260 | Temple   | Became a worshipper of Warmaster Okawaru
  4287 | D:6      | Reached skill level 8 in Axes
  4291 | D:6      | Reached XP level 9. HP: 74/77 MP: 8/8
  4650 | D:7      | Found Plog's General Store.
  4655 | D:7      | Bought a scroll of magic mapping for 75 gold pieces
  4839 | D:7      | Found an opulent altar of Gozag.
  5433 | D:8      | Noticed Psyche
  5438 | D:8      | Reached * piety under Okawaru
  5443 | D:8      | Killed Psyche
  5444 | D:8      | Reached skill level 9 in Axes
  5505 | D:8      | Noticed Maurice
  5514 | D:8      | Killed Maurice
  5611 | D:8      | Reached ** piety under Okawaru
  5756 | D:8      | You are sucked into a shaft and drop 2 floors!
  5756 | D:10     | Entered Level 10 of the Dungeon
  5759 | D:10     | Noticed Erolcha
  5760 | D:10     | Noticed a boulder beetle
  5786 | D:10     | Killed Erolcha
  5787 | D:10     | Reached skill level 10 in Axes
  5787 | D:10     | Reached XP level 10. HP: 61/86 MP: 6/9
  5792 | D:10     | Killed a boulder beetle
  5792 | D:10     | Reached *** piety under Okawaru
  5793 | D:10     | Reached skill level 11 in Axes
  5793 | D:10     | Reached skill level 5 in Dodging
  5812 | D:10     | Noticed Erica
  5821 | D:10     | Killed Erica
  5886 | D:10     | Noticed Harold
  5898 | D:10     | Killed Harold
  5898 | D:10     | Reached **** piety under Okawaru
  5899 | D:10     | Reached skill level 12 in Axes
  5899 | D:10     | Reached skill level 1 in Invocations
  6036 | D:9      | Reached ***** piety under Okawaru
  6048 | D:9      | Reached XP level 11. HP: 85/95 MP: 10/10
  6048 | D:9      | Found a staircase to the Lair.
  6099 | D:9      | Found a flagged portal.
  6160 | Bailey   | Entered a bailey
  6239 | Bailey   | Reached skill level 13 in Axes
  6310 | Bailey   | Noticed a vault guard
  6322 | Bailey   | Killed a vault guard
  6322 | Bailey   | Identified the +8 broad axe of the Madman {drain, rN++
                  | Int+2 SInv Stlth-} (Okawaru gifted it to you in a bailey)
  6322 | Bailey   | Received a gift from Okawaru
  6365 | Bailey   | Noticed a vault guard
  6383 | Bailey   | Killed a vault guard
  6564 | D:9      | Noticed a centaur warrior
  6579 | D:9      | Killed a centaur warrior
  6801 | D:9      | Found a glowing golden altar of the Shining One.
  6802 | D:9      | Found a glowing silver altar of Zin.
  6803 | D:9      | Found a white marble altar of Elyvilon.
  6862 | D:9      | Found a hazy altar of Hepliaklqana.
  6863 | D:9      | Found a shimmering altar of Xom.
  6944 | D:8      | Found a hide-covered altar of Uskayaw.
  7116 | D:5      | Bought the +2 pair of boots of Oleop {Will+ Slay+2} for 390
                  | gold pieces
  7262 | D:11     | Reached skill level 10 in Fighting
  7267 | D:11     | Reached skill level 14 in Axes
  7327 | D:10     | Found a transporter.
  7337 | D:10     | Found a transporter.
  7359 | D:10     | Found a staircase to the Orcish Mines.
  7479 | D:10     | Noticed denis1488's ghost (journeyman MiFi)
  7673 | D:11     | Received a gift from Okawaru
  7805 | D:11     | Noticed a two-headed ogre
  7814 | D:11     | Killed a two-headed ogre
  8117 | Lair:1   | Entered Level 1 of the Lair of Beasts
  8143 | Lair:1   | Reached XP level 12. HP: 101/107 MP: 12/12
  8430 | Lair:1   | You are sucked into a shaft and drop 1 floor!
  8470 | Lair:2   | Noticed a four-headed hydra
  8480 | Lair:2   | Killed a one-headed hydra
  8480 | Lair:2   | Reached ****** piety under Okawaru
  8481 | Lair:2   | Reached skill level 5 in Long Blades
  8538 | Lair:2   | Found a staircase to the Shoals.
  8550 | Lair:2   | Reached skill level 10 in Shields
  8553 | Lair:2   | Identified the +1 hat "Eddazod" {Rampage Str-2 Int+7 SInv}
                  | (Okawaru gifted it to you on level 2 of the Lair of Beasts)
  8553 | Lair:2   | Received a gift from Okawaru
  8713 | Lair:2   | Noticed a five-headed hydra
  8722 | Lair:2   | Killed a one-headed hydra
  8817 | Lair:2   | Noticed a six-headed hydra
  8830 | Lair:2   | Killed a one-headed hydra
  9860 | Lair:3   | Found a hole to the Spider Nest.
 10125 | Lair:3   | Noticed Nergalle
 10134 | Lair:3   | Killed Nergalle
 10178 | Lair:3   | Noticed Rupert
 10202 | Lair:3   | Killed Rupert
 10203 | Lair:3   | Reached skill level 10 in Armour
 10226 | Lair:3   | Received a gift from Okawaru
 10827 | Orc:1    | Entered Level 1 of the Orcish Mines
 10906 | Orc:2    | Entered Level 2 of the Orcish Mines
 10926 | Orc:2    | Reached XP level 13. HP: 117/117 MP: 13/13
 10948 | Orc:2    | Noticed Josephine
 10960 | Orc:2    | Killed Josephine
 11036 | Orc:2    | Noticed Urug
 11080 | Orc:2    | Killed Urug
 11115 | Orc:2    | Found an iron altar of Okawaru.
 11253 | Orc:2    | Found a staircase to the Elven Halls.
 11358 | Orc:2    | Noticed an orc warlord
 11476 | Orc:2    | Killed an orc warlord
 11728 | Orc:2    | Reached skill level 15 in Axes
 11870 | Orc:2    | Found Zezuagat's Antique Armour Shoppe.
 11871 | Orc:2    | Found Awegiva's Antique Weapon Emporium.
 11873 | Orc:2    | Found Qext's General Store.
 11873 | Orc:2    | Found Kamny's Jewellery Shoppe.
 11901 | Orc:2    | Identified the +1 buckler "Duudok" {Regen+} (Okawaru gifted
                  | it to you on level 2 of the Orcish Mines)
 11901 | Orc:2    | Received a gift from Okawaru
 12657 | Orc:1    | Paralysed by a floating eye for 2 turns
 12664 | Orc:1    | Paralysed by a floating eye for 3 turns
 12682 | Orc:1    | Paralysed by a hornet for 1 turns
 12955 | D:12     | Reached skill level 10 in Long Blades
 12968 | D:12     | Reached XP level 14. HP: 89/129 MP: 14/14
 14160 | Lair:4   | Found a runed translucent door.
 14182 | Lair:4   | Noticed Nyzic's ghost (journeyman TrMo)
 14222 | Lair:4   | Noticed an acid blob
 14223 | Lair:4   | Found a runed translucent door.
 14223 | Lair:4   | Found a staircase to the Slime Pits.
 14536 | Lair:4   | Identified a scroll of acquirement
 14606 | Lair:5   | Entered Level 5 of the Lair of Beasts
 14614 | Lair:5   | Received a gift from Okawaru
 14669 | Lair:5   | Reached skill level 10 in Dodging
 14715 | Lair:5   | Identified the +3 falchion of Valuable Assets {vorpal, rN+
                  | Str+2}
 14735 | Lair:5   | Reached skill level 16 in Axes
 14983 | Lair:5   | Identified the +0 crystal plate armour "Joizeyge" {rCorr}
                  | (Okawaru gifted it to you on level 5 of the Lair of Beasts)
 14983 | Lair:5   | Received a gift from Okawaru
 15449 | Lair:5   | Reached XP level 15. HP: 139/139 MP: 16/16
 15451 | Lair:5   | Found a corrupted altar of Lugonu.
 15451 | Lair:5   | Found a one-way gate to the infinite horrors of the Abyss.
 16502 | D:14     | Reached skill level 15 in Fighting
 16555 | D:14     | Identified the +9 triple sword of Accord {vorpal, rF- Str+4
                  | Int+4} (Okawaru gifted it to you on level 14 of the
                  | Dungeon)
 16555 | D:14     | Received a gift from Okawaru
 16602 | D:14     | Identified the +1 scale mail "Nukych" {Int+2}
 16802 | D:14     | Noticed Louise
 16825 | D:14     | Killed Louise
 16876 | D:14     | Found a gate to the Vaults.
 17247 | D:14     | Identified the +6 chain mail of Trumpets {rElec rC+}
                  | (Okawaru gifted it to you on level 14 of the Dungeon)
 17247 | D:14     | Received a gift from Okawaru
 17522 | D:14     | Found Jeni's Blood Bar.
 18000 | D:15     | Entered Level 15 of the Dungeon
 18014 | D:15     | Reached skill level 17 in Axes
 18115 | D:15     | Found a staircase to the Depths.
 18168 | D:15     | Noticed Agnes
 18180 | D:15     | Killed Agnes
 18414 | D:15     | Identified the +6 whip "Nuages" {elec, Dex+5}
 18532 | D:15     | Reached XP level 16. HP: 129/152 MP: 17/17
 19245 | Lair:4   | Killed Nyzic's ghost
 19389 | Lair:4   | Killed an acid blob
 19389 | Lair:4   | Received a gift from Okawaru
 19692 | D:2      | Bought the +2 tower shield "Epaoqogg" {rPois Dex+6} for 383
                  | gold pieces
 19928 | Spider:1 | Entered Level 1 of the Spider Nest
 20206 | Spider:1 | Reached skill level 15 in Shields
 21789 | Spider:2 | Identified the +4 broad axe "Ycajur" {vorpal, Dex+2}
                  | (Okawaru gifted it to you on level 2 of the Spider Nest)
 21789 | Spider:2 | Received a gift from Okawaru
 22280 | Shoals:1 | Entered Level 1 of the Shoals
 22300 | Shoals:1 | Got the Anthology of the Oath and Dislocation
 22324 | Shoals:1 | Reached skill level 18 in Axes
 22345 | Shoals:1 | Killed from afar by a merfolk aquamancer

Illustrated notes

Levels and vault maps discovered:
D:1:      sevenhm_arrival_forest_fort_large_2, layout_loops_ring
D:2:      layout_rooms, serial_shops, shop
D:3:      layout_loops_ring, nicolae_kikubaaqudgha_miasma_corner,
          grunt_qazlal_sundering, mainiacjoe_overflow_alcove_1,
          kennysheep_generic_room_5
D:4:      layout_basic
D:5:      layout_loops_corners, nicolae_sif_muna_condensation, serial_shops,
          shop, solitary_fountain, corexii_item_surrounded_by_moat,
          minmay_chambers_of_fives, uniq_eustachio, uniq_menkaure
D:6:      layout_basic, mainiacjoe_overflow_paths,
          minmay_temple_entry_offerings, kennysheep_generic_room_2,
          uniq_prince_ribbit1
D:7:      layout_gridville, nicolae_gozag_cash_rules_everything_around_me,
          serial_shops, shop_statue
D:8:      layout_rooms, kennysheep_mini_moat, chequers_serial_rivers_room_a,
          kennysheep_decorative_pillar, uniq_psyche, uniq_maurice
D:9:      layout_gridville, regret_index_temple_of_mockery, good_gods_temple_1,
          due_lair_maze_entry_diamond, enter_bailey_8,
          hangedman_abyss_or_decor_lesser_grid, dk_vineyard_3
D:10:     layout_cave_pools, orc_0_dummy, gammafunk_ghost_stat_death,
          uniq_erolcha, uniq_harold, uniq_erica
D:11:     layout_rooms
D:12:     layout_rooms
D:13:     layout_basic
D:14:     layout_loops_corners, grunt_vaults_entry_fortified,
          kennysheep_nondescript, guppyfry_shop_blood, uniq_louise
D:15:     gammafunk_depths_entry_grave, layout_long_grid,
          minmay_strange_pillars, grunt_ministairs_12,
          hangedman_cracks_in_the_wall, uniq_agnes
Temple:   nicolae_temple_bog_church
Lair:1:   layout_small_grid, grunt_megastairs_2, infiniplex_staircase_pool_2
Lair:2:   layout_regular_city, elwin_shoals_entry_rocks
Lair:3:   layout_loops_ring, nicolae_spider_entry_tight_spaces, uniq_rupert,
          uniq_nergalle
Lair:4:   layout_cave_pods, slime_entry_2, ebering_ghost_reflecting_pool,
          grunt_forest_small_clearing_treed
Lair:5:   hellmonk_lair_end_abyssal_woods, layout_loops_ring, st_stairs_7,
          lemuel_fruit_tree, grunt_megastairs_3
Shoals:1: layout_shoals, serial_shops,
          nicolae_shop_temple_entry_statues_fountains
Spider:1: layout_spider_delve, drop_trap
Spider:2: layout_spider_delve, nicolae_spider_jagged_tunnels
Orc:1:    hellmonk_paralyzer, layout_caves, mines2_lemuel
Orc:2:    st_orc_congregation, layout_caves, okawaru_metal_pillars_1_2,
          uniq_josephine, uniq_urug

Skill      XL: |  1  2  3  4  5  6  7  8  9 10 11 12 13 14 15 16 |
---------------+-------------------------------------------------+-----
Fighting       | 4 5 6 7 8 10 11 13 14 16 17 | 17.2
Armour         | 4 5 6 7 8 9 10 11 12 | 12.2
Shields        | 4 5 6 7 8 9 10 11 13 14 16 | 16.7
Long Blades    | 3 4 8 10 11 12 | 12.5
Dodging        | 1 2 3 4 6 7 8 9 11 12 | 12.5
Axes           | 1 3 5 8 10 12 14 15 16 17 18 | 18.0
Stealth        | 1 2 3 4 |  4.3
Invocations    | 1 2 3 |  3.1
Evocations     | |  0.7

Action                   |  1- 3 |  4- 6 |  7- 9 | 10-12 | 13-15 | 16-18 || total
-------------------------+-------+-------+-------+-------+-------+-------++-------
Melee: Long sword        |    76 |    18 |       |       |       |       ||    94
       Headbutt          |     6 |    11 |    37 |   108 |   366 |   128 ||   656
       Hand axe          |       |    70 |   220 |   317 |   900 |   358 ||  1865
       Scimitar          |       |       |       |   141 |   298 |    83 ||   522
Invok: Heroism           |       |       |     2 |     8 |    16 |     3 ||    29
Evoke: Wand              |       |       |     2 |       |       |       ||     2
  Use: Scroll            |       |       |       |    14 |    10 |     2 ||    26
       Potion            |       |       |       |       |       |     1 ||     1
 Stab: Sleeping          |       |       |       |       |     7 |     1 ||     8
       Distracted        |       |       |       |       |     1 |       ||     1
Armor: Scale mail        |    41 |    20 |       |       |       |       ||    61
       Skin              |       |     1 |       |       |       |       ||     1
       Ring mail         |       |     5 |    69 |   208 |   434 |    27 ||   743
       Chain mail        |       |       |       |       |       |   120 ||   120
Dodge: Dodged            |    41 |    41 |    86 |   323 |   637 |   198 ||  1326
Block: Buckler           |    14 |    20 |    58 |   165 |   435 |    31 ||   723
       Tower shield      |       |       |       |       |       |   485 ||   485
